 Dungeon Crawl Stone Soup version 0.17.0-28-g6e173f8 (webtiles) character file.

223242 HaroldButt the Fencer (level 18, -15/116 HPs)
             Began as a High Elf Gladiator on Nov 21, 2015.
             Was the Champion of Kikubaaqudgha.
             Killed from afar by a wretched star (35 damage)
             ... with an orb of energy
             ... on level 1 of the Abyss on Nov 24, 2015.
             The game lasted 03:21:08 (46109 turns).

HaroldButt the Fencer (High Elf Gladiator)         Turns: 46109, Time: 03:21:08

Health: -15/116    AC: 27    Str: 14 (15) XL:     18   Next: 55%
Magic:  40/45      EV: 21    Int: 16      God:    Kikubaaqudgha [******]
Gold:   1549       SH:  0    Dex: 27      Spells: 3 memorised, 29 levels left

rFire  . . .     SeeInvis .     o - +9 great sword (flame)
rCold  + + .     Clarity  +     V - +6 ring mail of the Soldier {*Corrode rC+ Int+2}
rNeg   + . .     SustAt   .     (shield currently unavailable)
rPois  +         Gourm    .     y - +2 helmet
rElec  .         Spirit   .     Z - +2 cloak {+Inv}
rCorr  .         Warding  .     x - +2 pair of gloves
rMut   +         Stasis   .     p - +2 pair of boots {Fly}
MR     ++...                    E - amulet of resist mutation
Stlth  ++++......               H - ring "Zixoux" {rPois rC+ Dex+2 Stlth+}
                                T - ring "Cuecue" {*Drain rN+ MR+ MP+9 Stlth+}

@: flying, very resistant to hostile enchantments, stealthy
A: claws 1, thin skeletal structure 1, yellow scales 1, clarity, deformed body,
deterioration 1, sense surroundings 2, wild magic 1
a: Receive Corpses, Torment, Brand Weapon With Pain, Receive Necronomicon,
Renounce Religion, Evoke Invisibility, Stop Flying
}: 1/15 runes: gossamer


You were on level 1 of the Abyss.
You worshipped Kikubaaqudgha.
Kikubaaqudgha was exalted by your worship.
You were hungry.

You visited 5 branches of the dungeon, and saw 32 of its levels.
You visited the Abyss 2 times.
You also visited: Ice Cave.

You collected 3459 gold pieces.
You spent 1910 gold pieces at shops.

Inventory:

Hand Weapons
 o - a +9 great sword of flaming (weapon)
Missiles
 e - 3 throwing nets (quivered)
Armour
 p - a +2 pair of boots of flying (worn)
 x - a +2 pair of gloves (worn)
 y - a +2 helmet (worn)
 V - the +6 ring mail of the Soldier (worn) {*Corrode rC+ Int+2}
   (You bought it in a shop on level 4 of the Orcish Mines)

   It affects your intelligence (+2).
   It protects you from cold.
   It may corrode your equipment when you take damage.
 Z - a +2 cloak of invisibility (worn)
Jewellery
 d - an uncursed amulet of warding
 h - an uncursed ring of protection from fire
 n - the ring "Otixupryfa" {rElec rN+}
   (You bought it in a shop on level 4 of the Orcish Mines)

   [ring of positive energy]

   It insulates you from electricity.
   It protects you from negative energy.
 z - a +4 ring of slaying
 E - an amulet of resist mutation (around neck)
 F - an uncursed ring of see invisible
 H - the ring "Zixoux" (right hand) {rPois rC+ Dex+2 Stlth+}
   (You found it on level 15 of the Dungeon)

   [ring of dexterity]

   It affects your dexterity (+2).
   It protects you from cold.
   It protects you from poison.
   It makes you more stealthy.
 L - a cursed -3 ring of slaying
 T - the ring "Cuecue" (left hand) {*Drain rN+ MR+ MP+9 Stlth+}
   (You took it off a skeletal warrior on level 15 of the Dungeon)

   [ring of magical power]

   It protects you from negative energy.
   It affects your resistance to hostile enchantments.
   It affects your magic capacity (+9).
   It causes draining when unequipped.
   It makes you more stealthy.
 W - the ring of Ocabrah {Ice MR+}
   (You found it on level 15 of the Dungeon)

   [ring of ice]

   It enhances your ice magic, and weakens your fire magic.
   It makes you vulnerable to fire.
   It protects you from cold.
   It affects your resistance to hostile enchantments.
Wands
 c - a wand of draining (0)
 k - a wand of teleportation (2)
 l - a wand of heal wounds (4)
 m - a wand of teleportation (3)
 r - a wand of heal wounds (1)
 u - a wand of disintegration (14)
 B - a wand of hasting (2)
Scrolls
 g - 9 scrolls of remove curse
 t - 5 scrolls of fear
 w - 3 scrolls of identify
 A - 4 scrolls of immolation
 G - 2 scrolls of fog
 I - 6 scrolls of amnesia
 J - a scroll of enchant armour
 P - 3 scrolls of silence
 R - 4 scrolls of magic mapping
 U - 4 scrolls of teleportation
Potions
 b - a potion of cure mutation
 i - 5 potions of cancellation
 j - 5 potions of brilliance
 v - 7 potions of curing
 C - 3 potions of resistance
 K - 2 potions of haste
 O - a potion of heal wounds
 X - 2 potions of might
 Y - 4 potions of invisibility
Books
 a - Kikubaaqudgha's Collected Works on Dark Arts
   (Kikubaaqudgha gifted it to you on level 8 of the Dungeon)

   Spells                             Type                      Level
   a - Animate Dead                   Necromancy                   4
   b - Agony                          Necromancy                   5
   c - Cigotuvi's Embrace             Necromancy                   5
   d - Dispel Undead                  Necromancy                   5
   e - Simulacrum                     Ice/Necromancy               6
 f - Kikubaaqudgha's Handbook of Stolen Souls
   (Kikubaaqudgha gifted it to you on level 8 of the Dungeon)

   Spells                             Type                      Level
   a - Pain                           Necromancy                   1
   b - Corpse Rot                     Necromancy                   2
   c - Sublimation of Blood           Necromancy                   2
   d - Vampiric Draining              Necromancy                   3
   e - Control Undead                 Necromancy                   4
Miscellaneous
 q - a legendary deck of summoning {drawn: 8}
 D - a phial of floods
Comestibles
 s - 19 meat rations
 N - 6 bread rations


   Skills:
 - Level 8.0 Fighting
 - Level 18.1 Long Blades
 - Level 2.0 Throwing
 + Level 11.4 Armour
 - Level 10.0 Dodging
 + Level 13.9 Spellcasting
 + Level 13.9 Necromancy
 + Level 14.8 Ice Magic


You had 29 spell levels left.
You knew the following spells:

 Your Spells              Type           Power        Failure   Level  Hunger
a - Simulacrum            Ice/Necr       ######....   13%         6    ######.
b - Dispel Undead         Necr           ######..     4%          5    ####...
c - Animate Dead          Necr           N/A          2%          4    ##.....


Dungeon Overview and Level Annotations

Branches:
Dungeon (15/15)            Temple (0/1) D:6            Lair (8/8) D:11
 Shoals (1/4) Lair:3       Spider (4/4) Lair:6        Slime (0/6) Lair:7
    Orc (4/4) D:11            Elf (0/3) Orc:3        Vaults (0/5) D:13
 Depths (0/5) D:15

Altars:
Cheibriados
Elyvilon
Fedhas
Gozag
Kikubaaqudgha
Makhleb
Nemelex Xobeh
Ru
Sif Muna
Trog
Vehumet
Xom
Zin
Beogh
Jiyva

Shops:
D:10 (   D:13 (   D:15 ?[*   Orc:4 *=([


Innate Abilities, Weirdness & Mutations

You have sharp fingernails.
You have a somewhat thin skeletal structure (Dex +2, Stealth).
You are partially covered in yellow scales (AC +2).
You possess an exceptional clarity of mind.
You passively map the area around you.
Your spells are a little harder to cast, but a little more powerful.
[Armour fits poorly on your strangely shaped body.]
[Your body sometimes deteriorates upon taking damage.]


Message History

The orb of energy hits you!
* * * LOW HITPOINT WARNING * * *
Your body deteriorates!
You feel weakened.
Something misses the wretched star.
Something closely misses the wretched star.
Something hits the wretched star.
You slice the wretched star!! You burn the wretched star.
The wretched star is heavily damaged.
You hit the wretched star.
The wretched star is heavily damaged.
The wretched star glows turbulently.
The orb of energy hits you!
The orb of energy explodes!
Something hits the wretched star but does no damage.
Something hits the wretched star. x2
You slash the wretched star! You burn the wretched star.
The wretched star is almost destroyed.
The wretched star glows turbulently.
The orb of energy hits you!
You die...
Kikubaaqudgha rasps: "You have failed me!
Welcome... death!"

.## . ....# ###...
#.....#
.....####### # .#
#.#.#.#.#.#.#..
#.......Z.#......#
##....#*#Z..##.#
..!.....@....# .
..##...#...*.# #.
#..#.....#.# # #
#...##.#.##...
#... #......#..
...# .#...#.# #
### #.###..# #. .#


You could see a wretched star and a friendly ogre zombie.

Vanquished Creatures
  Nikola (Spider:4)
  A lich (Abyss:1)
  2 tentacled starspawn (Abyss:1)
  A tengu reaver (D:15)
  An azure jelly (Lair:7)
  Maud (D:9)
  An orc warlord (Orc:4)
  A balrug (Abyss:1)
  Louise (D:15)
  A frost giant (D:15)
  6 ghost moths
  8 emperor scorpions
  A salamander stormcaller (D:15)
  A dire elephant (Lair:8)
  2 yaktaur captains (D:15)
  4 vault guards (D:15)
  An ettin (D:15)
  The ghost of oplop the Nimble, a journeyman OpTm of Cheibriados (Lair:3)
  A rakshasa (Abyss:1)
  5 entropy weavers
  7 hydras
  2 great orbs of eyes (D:15)
  Erica (D:9)
  An ogre mage (D:15)
  A catoblepas (Lair:8)
  5 centaur warriors
  27 death yaks
  A queen ant (Spider:3)
  A deep troll shaman (Lair:8)
  2 orc high priests
  An ice devil (IceCv)
  A wretched star (Abyss:1)
  A fire crab (Lair:7)
  A sea snake (Shoals:1)
  8 skeletal warriors
  A giant orange brain (shapeshifter) (D:13)
  2 unseen horrors
  2 giant orange brains
  5 griffons
  12 orb spiders
  2 necromancers
  6 orc knights
  9 hill giants
  57 wolf spiders
  A salamander (shapeshifter) (D:13)
  5 hornets
  3 orc sorcerers
  A siren (Shoals:1)
  3 moths of wrath
  An ugly thing (D:15)
  13 elephants
  5 cyclopes
  Joseph (D:10)
  2 centaur zombies (D:15)
  4 ice statues (IceCv)
  A torpor snail (Spider:3)
  5 black mambas
  3 naga magi (D:15)
  2 gargoyles
  A yaktaur (D:15)
  9 komodo dragons
  14 demonic crawlers
  12 spiny frogs
  An efreet (D:15)
  4 fire drakes
  13 trolls
  A tengu conjurer (D:13)
  A freezing wraith (D:15)
  6 blue devils (IceCv)
  43 jumping spiders
  A merfolk (Shoals:1)
  A slime creature (shapeshifter) (D:15)
  A wind drake (shapeshifter) (D:13)
  2 polar bears (Lair:5)
  A two-headed ogre (Orc:3)
  13 blink frogs
  A raiju (Abyss:1)
  A hornet zombie (D:15)
  A trapdoor spider zombie (D:12)
  9 slime creatures
  A snapping turtle (Shoals:1)
  2 boulder beetles
  A wyvern (D:15)
  60 redbacks
  24 trapdoor spiders
  54 yaks
  5 water elementals
  4 deep elf magi
  2 spriggans
  33 tarantellas
  14 hippogriffs
  6 large abominations (Abyss:1)
  7 basilisks
  A steam dragon (D:11)
  3 hungry ghosts
  5 vampire mosquitoes
  A fire bat (Abyss:1)
  6 small abominations (Abyss:1)
  3 mottled dragons
  16 wolves
  3 wargs
  5 nagas (D:15)
  17 water moccasins
  23 soldier ants
  2 black bears
  18 spiders
  15 porcupines
  The ghost of BLOAX the Ruffian, an amateur TrMo (D:4)
  4 wasps
  3 necrophages
  3 ice beasts
  A black bear (shapeshifter) (D:15)
  5 sky beasts
  2 eyes of draining
  28 centaurs
  45 orc warriors
  A boggart (D:15)
  20 crocodiles
  19 ogres
  A brain worm (D:15)
  5 big kobolds
  20 giant frogs
  35 scorpions
  2 water moccasin skeletons (D:7)
  A wyvern skeleton (D:10)
  5 killer bees (D:9)
  7 wights
  A quasit (Abyss:1)
  12 electric eels
  5 crimson imps
  A starcursed mass (Abyss:1)
  3 giant frog zombies
  25 orc priests
  2 draconian simulacra (IceCv)
  3 gnoll shamans (D:8)
  3 hounds
  Crazy Yiuf (D:2)
  5 centaur skeletons
  5 jellies
  2 giant frog skeletons
  Jessica (D:2)
  A spriggan simulacrum (IceCv)
  Natasha (D:3)
  2 polar bear simulacra (Lair:7)
  13 sheep
  17 worker ants
  7 iguanas
  31 orc wizards
  4 wolf simulacra (Lair:7)
  2 yak simulacra (Lair:7)
  2 troll simulacra (IceCv)
  3 centaur simulacra
  A hound skeleton (D:5)
  A worker ant zombie (D:6)
  Robin (D:3)
  10 adders
  A naga simulacrum (IceCv)
  60 river rats
  21 gnolls
  2 shadow imps
  3 ogre simulacra (IceCv)
  A white imp (Abyss:1)
  2 giant eyeballs (D:15)
  2 ufetubi (Abyss:1)
  2 adder zombies
  3 oozes
  An adder skeleton (D:5)
  5 worms
  4 giant geckos
  205 orcs
  2 ball pythons
  6 bats
  6 giant cockroaches
  5 hobgoblins
  7 jackals
  12 kobolds
  2 giant newts
  21 goblins
  4 quokkas
  6 rats
  3 river rat simulacra (Lair:7)
  A lurking horror (Abyss:1)
  A plant (Lair:3)
1475 creatures vanquished.

Vanquished Creatures (collateral kills)
  A centaur warrior (D:15)
  A wretched star (Abyss:1)
  A spatial maelstrom (Abyss:1)
  A wolf spider (Spider:4)
  A worldbinder (Abyss:1)
  A hornet (Spider:4)
  6 orb spiders
  A smoke demon (Abyss:1)
  A rust devil (Abyss:1)
  A redback zombie (D:15)
  2 jumping spiders
  3 redbacks (Spider:4)
  A starcursed mass (Abyss:1)
  2 tarantellas (Spider:4)
  A hog (shapeshifter) (D:15)
  A spatial vortex (Abyss:1)
  2 soldier ants (Spider:3)
  A small abomination (Abyss:1)
  2 chaos spawn (Abyss:1)
  A centaur (D:15)
  3 worker ants (Spider:3)
  A white imp (Abyss:1)
  A starspawn tentacle (Abyss:1)
36 creatures vanquished.

Vanquished Creatures (others)
  A redback (Spider:4)
  An orc (Orc:4)
  2 kobolds (D:13)
  28 fungi
  29 plants
  A starspawn tentacle (Abyss:1)
  2 starspawn tentacle segments (Abyss:1)
64 creatures vanquished.

Grand Total: 1575 creatures vanquished

Notes
Turn   | Place    | Note
--------------------------------------------------------------
     0 | D:1      | HaroldButt the High Elf Gladiator began the quest for the Orb.
     0 | D:1      | Reached XP level 1. HP: 14/14 MP: 2/2
    92 | D:1      | Reached skill level 4 in Long Blades
   286 | D:1      | Reached XP level 2. HP: 19/19 MP: 3/3
   850 | D:2      | Found a deep blue altar of Sif Muna.
  1033 | D:2      | Reached skill level 5 in Long Blades
  1033 | D:2      | Reached XP level 3. HP: 22/24 MP: 4/4
  1378 | D:2      | Found an opulent altar of Gozag.
  1378 | D:2      | Found a sparkling altar of Nemelex Xobeh.
  1424 | D:2      | Noticed Jessica
  1436 | D:2      | Killed Jessica
  1436 | D:2      | Reached skill level 6 in Long Blades
  1436 | D:2      | Reached XP level 4. HP: 27/29 MP: 5/5
  1508 | D:2      | Noticed Crazy Yiuf
  1555 | D:2      | HP: 1/29 [poisoned by Crazy Yiuf]
  1557 | D:2      | Killed Crazy Yiuf
  2299 | D:3      | Reached XP level 5. HP: 31/34 MP: 6/6
  2304 | D:3      | Reached skill level 7 in Long Blades
  2363 | D:3      | Noticed a centaur
  2375 | D:3      | Killed a centaur
  2670 | D:3      | Noticed Robin
  2696 | D:3      | Killed Robin
  2696 | D:3      | Reached skill level 8 in Long Blades
  2765 | D:3      | Found a snail-covered altar of Cheibriados.
  2979 | D:3      | Noticed Natasha
  2987 | D:3      | Killed Natasha
  2987 | D:3      | Reached XP level 6. HP: 20/39 MP: 7/7
  3414 | D:4      | Found an opulent altar of Gozag.
  3679 | D:4      | Noticed BLOAX's ghost (amateur TrMo)
  3706 | D:5      | Entered Level 5 of the Dungeon
  3916 | D:5      | Reached skill level 9 in Long Blades
  4168 | D:5      | Reached XP level 7. HP: 24/45 MP: 8/8
  4350 | D:5      | Found a glowing silver altar of Zin.
  4359 | D:5      | Reached skill level 10 in Long Blades
  4578 | D:5      | Reached skill level 1 in Armour
  4946 | D:4      | Killed BLOAX's ghost
  5124 | D:6      | Noticed a hill giant
  5453 | D:6      | Found a burning altar of Makhleb.
  5500 | D:6      | Found a blossoming altar of Fedhas.
  5513 | D:6      | Reached XP level 8. HP: 32/52 MP: 9/9
  5568 | D:6      | Found a sacrificial altar of Ru.
  5568 | D:6      | Found a shimmering altar of Xom.
  5568 | D:6      | Found a blossoming altar of Fedhas.
  5569 | D:6      | Found a bloodstained altar of Trog.
  5569 | D:6      | Found a snail-covered altar of Cheibriados.
  5569 | D:6      | Found a white marble altar of Elyvilon.
  5569 | D:6      | Found an ancient bone altar of Kikubaaqudgha.
  5582 | D:6      | Became a worshipper of Kikubaaqudgha
  6111 | D:6      | Reached skill level 5 in Dodging
  6129 | D:6      | Found a staircase to the Ecumenical Temple.
  6614 | D:7      | Gained mutation: You occasionally shout uncontrollably at your foes. [mutagenic meat]
  6615 | D:7      | Gained mutation: You have a somewhat thin skeletal structure (Dex +2, Stealth). [mutagenic meat]
  6616 | D:7      | Gained mutation: Your mind is acute. (Int +2) [mutagenic meat]
  6619 | D:7      | Found a radiant altar of Vehumet.
  6627 | D:7      | Found a glowing silver altar of Zin.
  6945 | D:7      | Reached skill level 5 in Fighting
  6949 | D:7      | Lost mutation: Your mind is acute. (Int +2) [mutagenic meat]
  6950 | D:7      | Gained mutation: You are robust (+10% HP). [mutagenic meat]
  6951 | D:7      | Gained mutation: Your mind is acute. (Int +2) [mutagenic meat]
  6952 | D:7      | Gained mutation: [Your body sometimes deteriorates upon taking damage.] [mutagenic meat]
  6953 | D:7      | Gained mutation: You evolve. [mutagenic meat]
  6954 | D:7      | Gained mutation: You are partially covered in yellow scales (AC +2). [mutagenic meat]
  7088 | D:7      | Gained mutation: You are agile. (Dex +2) [evolution]
  7354 | D:5      | Killed a hill giant
  7354 | D:5      | Reached XP level 9. HP: 65/67 MP: 10/10
  7716 | D:8      | Found a runed door.
  7912 | D:8      | Reached * piety under Kikubaaqudgha
  7912 | D:8      | Received a gift from Kikubaaqudgha
  7913 | D:8      | Identified Kikubaaqudgha's Handbook of Stolen Souls (Kikubaaqudgha gifted it to you on level 8 of the Dungeon)
  8267 | D:8      | Reached ** piety under Kikubaaqudgha
  8267 | D:8      | Reached skill level 5 in Armour
  8500 | D:8      | Gained mutation: You have large cloven feet. [evolution]
  8546 | D:8      | Reached XP level 10. HP: 79/79 MP: 11/11
  8593 | D:8      | Reached *** piety under Kikubaaqudgha
  8593 | D:8      | Received a gift from Kikubaaqudgha
  8594 | D:8      | Identified Kikubaaqudgha's Collected Works on Dark Arts (Kikubaaqudgha gifted it to you on level 8 of the Dungeon)
  8682 | D:8      | Found a roughly hewn altar of Beogh.
  8700 | D:8      | Identified a scroll of acquirement
  8770 | D:8      | Learned a level 6 spell: Simulacrum
  9310 | D:9      | Noticed Erica
  9351 | D:9      | Killed Erica
  9659 | D:10     | Entered Level 10 of the Dungeon
  9661 | D:10     | Noticed Maud
  9666 | D:10     | Found Haschukkuk's Antique Weapon Shop.
  9666 | D:10     | Noticed a hill giant
  9691 | D:9      | Lost mutation: [Your body sometimes deteriorates upon taking damage.] [evolution]
  9708 | D:9      | Killed Maud
  9708 | D:9      | Reached skill level 11 in Long Blades
  9767 | D:10     | Reached **** piety under Kikubaaqudgha
  9957 | D:10     | Got a glittering pewter amulet
 10069 | D:10     | Noticed Joseph
 10082 | D:10     | Reached XP level 11. HP: 84/84 MP: 12/12
 10095 | D:10     | Killed Joseph
 10104 | D:10     | Upgraded the game from 0.17.0-27-g4a3f43e to 0.17.0-28-g6e173f8
 10432 | D:10     | Killed a hill giant
 10727 | D:11     | Reached skill level 12 in Long Blades
 11880 | D:11     | Reached ***** piety under Kikubaaqudgha
 11924 | D:11     | Reached skill level 10 in Dodging
 11933 | D:11     | Reached skill level 1 in Spellcasting
 11947 | D:11     | Identified the amulet of Tyudax {Stasis Dex+3} (You found it on level 10 of the Dungeon)
 12010 | D:11     | Gained mutation: You have sharp fingernails. [evolution]
 12014 | D:11     | Found a staircase to the Lair.
 12097 | D:11     | Reached skill level 13 in Long Blades
 12118 | D:11     | Noticed a hill giant
 12131 | D:11     | Killed a hill giant
 12287 | D:11     | Found a staircase to the Orcish Mines.
 12475 | D:11     | Reached skill level 5 in Spellcasting
 12711 | D:11     | Gained mutation: You can translocate small distances at will. [evolution]
 12712 | Lair:1   | Entered Level 1 of the Lair of Beasts
 12725 | Lair:1   | Reached XP level 12. HP: 90/90 MP: 19/21
 12768 | Lair:1   | Reached skill level 14 in Long Blades
 13861 | Lair:2   | Reached skill level 15 in Long Blades
 13865 | Lair:2   | Found a frozen archway.
 13885 | IceCv    | Entered an ice cave
 14967 | Lair:3   | Reached XP level 13. HP: 96/96 MP: 27/27
 15030 | Lair:3   | Lost mutation: You are robust (+10% HP). [evolution]
 15153 | Lair:3   | Noticed oplop's ghost (journeyman OpTm)
 15169 | Lair:3   | Killed oplop's ghost
 15169 | Lair:3   | Reached skill level 10 in Spellcasting
 15375 | Lair:3   | Reached skill level 1 in Necromancy
 15499 | Lair:3   | Reached skill level 16 in Long Blades
 15541 | Lair:3   | Found a staircase to the Shoals.
 16957 | Lair:5   | Reached skill level 17 in Long Blades
 17438 | Lair:5   | Got a flickering wooden ring
 17983 | Lair:6   | Reached skill level 18 in Long Blades
 18248 | Lair:6   | Identified the ring of Xom's Righteous Anger {Wiz rF- rN+ Str+2} (You found it on level 5 of the Lair of Beasts)
 18305 | Lair:6   | Reached ****** piety under Kikubaaqudgha
 18548 | Lair:6   | Found a hole to the Spider Nest.
 18795 | Lair:7   | Reached skill level 5 in Necromancy
 18803 | Lair:7   | Reached XP level 14. HP: 77/94 MP: 29/29
 19064 | Lair:7   | Noticed an azure jelly
 19075 | Lair:7   | Killed an azure jelly
 19603 | Lair:7   | Found a staircase to the Slime Pits.
 19604 | Lair:7   | Found a viscous altar of Jiyva.
 20331 | Orc:1    | Entered Level 1 of the Orcish Mines
 22144 | Orc:3    | Found a staircase to the Elven Halls.
 22228 | Orc:4    | Entered Level 4 of the Orcish Mines
 22228 | Orc:4    | Found a shimmering altar of Xom.
 22251 | Orc:4    | Found Gerer's General Store.
 22614 | Orc:4    | Bought a scroll of enchant weapon for 112 gold pieces
 22614 | Orc:4    | Bought a scroll of enchant armour for 112 gold pieces
 22686 | Orc:4    | Found Gecvu's Jewellery Shoppe.
 23074 | Orc:4    | Noticed an orc warlord
 23088 | Orc:4    | Killed an orc warlord
 23138 | Orc:4    | HP: 2/94 [smoke demon/divine providence[an orc sorcerer] (16)]
 23419 | Orc:3    | Reached skill level 10 in Necromancy
 23500 | Orc:4    | Reached skill level 1 in Ice Magic
 23509 | Orc:4    | Found Jyitim's Antique Weapon Shoppe.
 23551 | Orc:4    | Found Waheck's Antique Armour Emporium.
 23559 | Orc:4    | Bought a jewelled ring mail for 198 gold pieces
 23570 | Orc:4    | Identified the +6 ring mail of the Soldier {*Corrode rC+ Int+2} (You bought it in a shop on level 4 of the Orcish Mines)
 24081 | Orc:4    | Bought the ring "Otixupryfa" {rElec rN+} for 340 gold pieces
 24081 | Orc:4    | Bought an uncursed ring of protection from fire for 250 gold pieces
 24091 | Orc:4    | Gained mutation: You passively map a small area around you. [potion of beneficial mutation]
 24625 | Lair:8   | Entered Level 8 of the Lair of Beasts
 24774 | Lair:8   | Reached skill level 5 in Ice Magic
 24803 | Lair:8   | Reached XP level 15. HP: 68/99 MP: 30/30
 26045 | Lair:8   | Got a steaming ring mail
 26056 | Lair:8   | Identified the +0 ring mail "Yviboqa" {rN+} (You found it on level 8 of the Lair of Beasts)
 26155 | Lair:8   | Lost mutation: You evolve. [end of evolution]
 26612 | D:12     | Found a glowing silver altar of Zin.
 27419 | D:13     | Found a gate to the Vaults.
 27431 | D:13     | Reached skill level 10 in Ice Magic
 27553 | D:13     | Found Xeuwk's Antique Weapon Shop.
 27657 | D:13     | Found a snail-covered altar of Cheibriados.
 28955 | D:15     | Entered Level 15 of the Dungeon
 28986 | D:15     | Paralysed by a great orb of eyes for 2 turns
 29702 | D:15     | Reached XP level 16. HP: 85/105 MP: 31/31
 29772 | D:15     | Found Woybrunai's Assorted Antiques.
 29786 | D:15     | Bought a scroll of enchant armour for 180 gold pieces
 29822 | D:15     | Got a coiled wooden ring
 29824 | D:15     | Identified the ring "Zixoux" {rPois rC+ Dex+2 Stlth+} (You found it on level 15 of the Dungeon)
 29936 | D:15     | Paralysed by a giant eyeball for 4 turns
 30110 | D:15     | Found Elufriri's Magic Scroll Shop.
 30127 | D:15     | Bought a scroll of enchant weapon for 150 gold pieces
 30127 | D:15     | Bought a scroll of enchant armour for 150 gold pieces
 30195 | D:15     | Got a translucent amber ring
 30197 | D:15     | Identified the ring of Ocabrah {Ice MR+} (You found it on level 15 of the Dungeon)
 30381 | D:15     | Noticed Louise
 30401 | D:15     | Cast into the Abyss (Louise)
 30406 | Abyss:1  | Found a roughly hewn altar of Beogh.
 30410 | D:15     | Escaped the Abyss
 30414 | D:15     | Killed Louise
 30517 | D:15     | Found Ypyett's Antique Armour Boutique.
 30527 | D:15     | Bought a glowing cloak for 139 gold pieces
 30527 | D:15     | Bought a slimy scale mail for 279 gold pieces
 30577 | D:15     | Identified the cursed +1 scale mail "Pyivy" {Int+6} (You bought it in a shop on level 15 of the Dungeon)
 30607 | D:15     | Noticed a tengu reaver
 30629 | D:15     | Killed a tengu reaver
 30921 | D:15     | Got a faintly glowing marble ring
 30925 | D:15     | HP: 1/105 [skeletal warrior/scimitar of electrocution (16)]
 30947 | D:15     | Identified the ring "Cuecue" {*Drain rN+ MR+ MP+9 Stlth+} (You took it off a skeletal warrior on level 15 of the Dungeon)
 30954 | D:15     | Learned a level 5 spell: Dispel Undead
 31465 | D:15     | Found a staircase to the Depths.
 32552 | Spider:1 | Entered Level 1 of the Spider Nest
 33254 | Spider:1 | Lost mutation: You can translocate small distances at will. [potion of cure mutation]
 33254 | Spider:1 | Lost mutation: You occasionally shout uncontrollably at your foes. [potion of cure mutation]
 33254 | Spider:1 | Lost mutation: You have large cloven feet. [potion of cure mutation]
 33254 | Spider:1 | Lost mutation: You are agile. (Dex +2) [potion of cure mutation]
 33254 | Spider:1 | Lost mutation: Your mind is acute. (Int +2) [potion of cure mutation]
 34802 | Spider:1 | Reached XP level 17. HP: 102/109 MP: 33/33
 37014 | Spider:3 | Noticed Sailifed the pandemonium lord
 37132 | Spider:3 | Reached skill level 10 in Armour
 37471 | Spider:3 | Gained mutation: Your spells are a little harder to cast, but a little more powerful. [mutagenic meat]
 37472 | Spider:3 | Gained mutation: You possess an exceptional clarity of mind. [mutagenic meat]
 37474 | Spider:3 | Gained mutation: You passively map the area around you. [mutagenic meat]
 38578 | Spider:4 | Entered Level 4 of the Spider Nest
 39212 | Spider:4 | HP: 3/109 [wolf spider (18)]
 41782 | Spider:3 | Learned a level 4 spell: Animate Dead
 42259 | Spider:3 | Reached XP level 18. HP: 94/116 MP: 36/36
 42601 | Spider:4 | Noticed Nikola
 42634 | Spider:4 | Killed Nikola
 42684 | Spider:4 | Paralysed by a hornet for 3 turns
 42767 | Spider:4 | Your ally Nikola died
 44708 | Spider:4 | Got a gossamer rune of Zot
 44975 | Shoals:1 | Entered Level 1 of the Shoals
 45029 | Shoals:1 | Cast into the Abyss (merfolk)
 45681 | Abyss:1  | Noticed an ancient lich
 45969 | Abyss:1  | Noticed a lich
 45990 | Abyss:1  | Killed a lich
 46109 | Abyss:1  | Killed from afar by a wretched star

Action                   |  1- 3 |  4- 6 |  7- 9 | 10-12 | 13-15 | 16-18 || total
-------------------------+-------+-------+-------+-------+-------+-------++-------
Melee: Long sword        |    93 |   163 |   145 |       |       |       ||   401
       Scimitar          |       |       |   262 |    56 |       |       ||   318
       Great sword       |       |       |       |   639 |  1530 |  1737 ||  3906
Throw: Throwing net      |       |       |     8 |       |       |     2 ||    10
       Javelin           |       |       |     2 |    22 |     1 |       ||    25
       Tomahawk          |       |       |       |     5 |       |       ||     5
 Cast: Animate Dead      |       |       |       |       |       |    10 ||    10
Invok: Torment           |       |       |       |       |     3 |     1 ||     4
       Receive Corpses   |       |       |       |       |     1 |     5 ||     6
 Abil: Blink             |       |       |       |       |     1 |     4 ||     5
Evoke: Wand              |       |     1 |       |    13 |    13 |    17 ||    44
       Deck              |       |       |       |       |       |     8 ||     8
  Use: Potion            |       |     1 |     3 |     4 |     4 |    12 ||    24
       Scroll            |       |     6 |    10 |    17 |    10 |    22 ||    65
 Stab: Sleeping          |     1 |       |       |     2 |    12 |    19 ||    34
       Distracted        |       |       |     1 |       |     3 |     8 ||    12
       Held in net/web   |       |       |     4 |       |       |     3 ||     7
  Eat: Chunk             |     2 |     8 |    21 |    22 |    41 |    23 ||   117
       Bread ration      |       |       |     1 |       |       |       ||     1
       Fruit             |       |       |     1 |     3 |    10 |    14 ||    28
       Beef jerky        |       |       |       |     1 |     2 |     4 ||     7
       Royal jelly       |       |       |       |       |     1 |     1 ||     2
       Pizza             |       |       |       |       |       |     6 ||     6
